Map: Orbital Shipyard

Players

ZugZug

  • Race: Zerg Zerg
  • League: Diamond

Victor - Winner!

  • Race: Terran Terran
  • League: Diamond

VOD

Have the link to the VOD?

Description

Time

  • Played on: March 11, 2016, 9:06 p.m.
  • Length: 9:52
Show
View Real Time Build Order
Export as new Build Order

ZugZug Zerg 

Build Orders: Hatch First 

Get SALT Encoding   

  12  0:01  Drone  
  13  0:13  Overlord  
  13  0:17  Drone  
  14  0:31  Drone x2  
  16  0:36  Drone  
  17  0:52  Hatchery  
  17  0:56  Drone  
  17  1:00  Extractor  
  16  1:12  Spawning Pool  
  16  1:16  Drone  
  16  1:19  Drone  
  17  1:26  Overlord  
  17  1:37  Drone  
  18  1:59  Zergling x2  
  18  2:00  Zergling x2  
  20  2:02  Metabolic Boost, Queen  
  20  2:04  Zergling x2  
  20  2:07  Drone  
  24  2:15  Queen  
  24  2:18  Drone  
  27  2:24  Drone  
  28  2:35  Zergling x2, Drone  
  28  2:36  Drone  
  31  2:54  Zergling x6, Drone  
  34  3:04  Drone  
  35  3:06  Drone  
  35  3:07  Spine Crawler  
  35  3:11  Drone  
  36  3:16  Overlord x2  
  36  3:27  Roach Warren  
  36  3:31  Drone  
  36  3:38  Overlord x2  
  36  3:39  Drone, Overlord  
  36  3:40  Drone  
  38  3:44  Drone x2  
  38  3:46  Drone  
  41  3:49  Drone  
  42  4:12  Drone x5  
  42  4:13  Drone  
  42  4:14  Lair  
  42  4:15  Extractor  
  47  4:32  Drone x3  
  47  4:35  Extractor  
  49  4:45  Drone, Overlord  
  50  4:46  Drone x6  
  50  4:50  Hatchery  
  50  5:16  Roach  
  50  5:17  Roach x7  
  65  5:25  Roach  
  65  5:34  Zergling x2  
  65  5:35  Roach  
  60  5:40  Roach  
  57  5:43  Roach  
  59  5:50  Roach  
  59  5:54  Roach  
  55  6:06  Roach  
  53  6:14  Queen  
  55  6:23  Extractor  
  54  6:37  Drone  
  54  6:38  Drone x4  
  54  6:39  Hatchery  
  58  6:55  Lair  
  58  6:56  Roach x3  
  58  7:00  Queen  
  66  7:05  Extractor  
  65  7:10  Roach  
  65  7:11  Extractor  
  65  7:12  Overlord x3  
  66  7:16  Spine Crawler  
  65  7:27  Roach  
  67  7:31  Roach  
  67  7:32  Roach x3  
  75  7:38  Roach  
  77  7:46  Roach x2  
  77  7:48  Ravager  
  82  7:54  Roach  
  82  7:55  Roach  
  82  7:56  Roach  
  88  8:13  Roach x4  
  88  8:14  Roach  
  88  8:15  Overlord x3  
  98  8:21  Overlord  
  97  8:33  Ravager x2  
  97  8:34  Ravager  
  100  8:35  Roach  
  100  8:36  Zergling x2, Roach  
  100  8:37  Zergling x6  
  102  9:03  Roach x9  
  110  9:22  Roach x5  
  110  9:26  Zergling x2  
  112  9:38  Ravager  
Show
View Real Time Build Order
Export as new Build Order

Victor Terran - Winner!

Build Orders: Reaper Expand, MMM Bio 

Get SALT Encoding   

  12  0:01  SCV  
  13  0:13  SCV  
  14  0:18  Supply Depot  
  14  0:25  SCV  
  15  0:39  SCV  
  15  0:40  Barracks  
  16  0:45  Refinery  
  16  0:52  SCV  
  17  1:04  SCV  
  18  1:16  SCV  
  19  1:30  Reaper  
  19  1:31  Orbital Command  
  20  1:41  Command Center  
  20  1:51  Supply Depot  
  20  1:58  SCV  
  21  2:04  Barracks  
  21  2:05  Barracks Reactor  
  21  2:10  SCV  
  22  2:22  SCV  
  23  2:24  Refinery  
  23  2:26  Supply Depot  
  24  2:37  SCV  
  24  2:44  Factory  
  24  2:51  Marine x2  
  26  3:01  Barracks Tech Lab  
  26  3:06  Orbital Command  
  26  3:07  SCV  
  27  3:14  Factory, Marine x2  
  29  3:21  SCV  
  29  3:22  Stimpack, Marine  
  31  3:29  Factory Reactor  
  31  3:31  SCV  
  31  3:33  SCV  
  33  3:34  Marine  
  33  3:35  Marine  
  35  3:44  SCV  
  35  3:45  SCV  
  37  3:48  Marine  
  38  3:57  Marine  
  38  3:58  Marine  
  38  3:59  SCV x2  
  42  4:04  Hellion  
  42  4:07  Marine  
  42  4:09  Hellion x2  
  48  4:12  Supply Depot  
  48  4:19  Starport  
  48  4:21  Marine x2  
  50  4:24  SCV  
  50  4:25  SCV, Marine  
  53  4:34  Hellion x3  
  59  4:51  Marine x3  
  62  4:53  Command Center  
  62  4:55  Supply Depot  
  62  4:57  Supply Depot  
  62  5:01  Factory Tech Lab  
  62  5:16  SCV x2, Marine, Hellion x2  
  69  5:22  Hellion  
  69  5:23  Marine x2  
  69  5:25  Starport Reactor  
  73  5:38  Hellion  
  75  5:44  Hellion  
  75  5:48  Marine  
  78  5:50  Marine  
  78  5:51  Marine  
  78  5:54  Siege Tank  
  71  5:59  Hellion  
  60  6:06  Marine  
  60  6:07  Marine  
  60  6:08  SCV x2  
  56  6:13  Refinery  
  56  6:14  Refinery  
  56  6:17  Orbital Command  
  54  6:19  Barracks  
  54  6:20  Hellion  
  54  6:21  Barracks, Hellion  
  54  6:24  SCV, Barracks  
  54  6:25  SCV, Barracks  
  59  6:26  Marine x2  
  59  6:27  Marine, Barracks  
  62  6:36  SCV  
  62  6:38  Combat Shields  
  63  6:40  Hellion  
  63  6:42  Medivac, Hellion  
  63  6:45  SCV x2  
  71  6:50  SCV  
  72  6:57  SCV  
  73  7:02  Siege Tank  
  73  7:03  Marine  
  73  7:04  Marine x2  
  73  7:07  Medivac, Marine  
  73  7:08  Marine  
  83  7:10  SCV x2  
  83  7:12  SCV  
  86  7:18  Medivac  
  86  7:21  Marine, Hellion x2  
  93  7:32  Supply Depot  
  93  7:33  Supply Depot  
  93  7:34  Supply Depot  
  93  7:36  Barracks Tech Lab  
  93  7:37  Barracks Tech Lab  
  93  7:38  Barracks Reactor  
  93  7:39  Barracks Reactor x2  
  93  7:53  SCV x3, Marine x3, Armory  
  93  7:55  Refinery  
  93  7:56  Refinery  
  93  7:57  Command Center  
  93  7:58  Supply Depot  
  99  8:04  Concussive Shells  
  99  8:05  Marauder x2  
  103  8:10  SCV x3  
  103  8:11  Marauder  
  108  8:14  Marine  
  108  8:15  Marine x3  
  108  8:16  Marine  
  113  8:22  SCV  
  114  8:33  Marine x3, Marauder x2  
  114  8:34  Marine x2, Marauder  
  125  8:47  Marine x2  
  125  9:00  Marine x2  
  125  9:08  Marine x4  
  125  9:09  Siege Tank, Marauder x2, Hellion x2  
  140  9:10  Marine x2  
  140  9:11  Marauder  
  140  9:16  Medivac x2  
  136  9:24  Marine x2  
  136  9:26  Marine  
  136  9:27  Orbital Command  
  136  9:28  Barracks, Engineering Bay  
  136  9:29  Engineering Bay  
Tags
 
Add a new tag
Caveats
  • Supply blocks, unpowered buildings, or Contaminate may cause inaccurate times.
  • Supply counts are checked every 10 seconds.